Map: Wildwuchs LE (Void)

Players

JackCody - Winner!

  • Race: Terran Terran
  • League: Diamond
  • Spawn Location: 7:00

K.I.-1 (Sehr leicht)

  • Race: Zerg Zerg
  • Spawn Location: 1:00

VOD

Have the link to the VOD?

Description

Time

  • Played on: Dec. 26, 2016, 2:38 a.m.
  • Length: 5:51
Show
View Real Time Build Order
Export as new Build Order

JackCody Terran - Winner!

Build Orders: Reaper Expand 

Get SALT Encoding   

  12  0:01  SCV  
  13  0:13  SCV  
  14  0:18  Supply Depot  
  14  0:25  SCV  
  15  0:39  SCV  
  15  0:40  Barracks  
  16  0:47  Refinery  
  16  0:51  SCV  
  17  1:03  SCV  
  18  1:16  SCV  
  19  1:28  Orbital Command  
  19  1:30  Reaper  
  20  1:43  Command Center  
  20  1:56  Barracks  
  20  1:59  SCV  
  21  2:08  Barracks Reactor  
  21  2:13  SCV, Supply Depot  
  22  2:28  Factory, SCV  
  23  2:30  Refinery  
  23  2:40  SCV  
  24  2:44  Barracks Tech Lab, Marine x2  
  26  2:55  Orbital Command  
  26  3:00  SCV  
  26  3:04  Stimpack, Marine  
  28  3:06  Marine  
  28  3:08  Marine  
  28  3:12  SCV  
  31  3:24  SCV  
  31  3:26  Starport  
  32  3:27  Marine x2  
  32  3:28  Marine  
  32  3:32  Factory Reactor  
  35  3:36  SCV  
  35  3:37  SCV  
  35  3:38  Supply Depot  
  37  3:45  Marine  
  37  3:48  SCV  
  39  3:50  Marine  
  39  3:51  Supply Depot, Marine  
  41  3:56  SCV  
  41  4:02  SCV  
  43  4:04  Medivac  
  49  4:10  Hellion x2  
  49  4:12  SCV  
  49  4:16  Armory  
  50  4:17  Marine x2  
  50  4:23  Supply Depot  
  56  4:31  Hellion x2  
  56  4:37  Supply Depot, Medivac  
  56  4:38  Marine  
  59  4:46  Marine  
  59  4:47  Marine  
  59  4:48  SCV  
  59  4:51  SCV  
  63  4:54  Hellion  
  63  4:55  Marine  
  63  4:57  Hellion  
  68  5:04  Marine  
  68  5:06  SCV  
  70  5:19  Marine x2  
  70  5:20  Hellion x2, Command Center  
  78  5:45  Starport Reactor  
Show
View Real Time Build Order
Export as new Build Order

K.I.-1 (Sehr leicht) Zerg 

Build Orders: Pool Only 

Get SALT Encoding   

  12  0:00  Drone  
  13  0:12  Overlord  
  13  0:17  Drone  
  14  0:34  Spawning Pool  
  13  0:37  Drone  
  13  0:41  Extractor  
  13  0:44  Drone  
  14  0:51  Overlord  
  14  1:21  Zergling x2  
  14  1:22  Queen  
  17  1:29  Roach Warren  
  16  1:33  Drone  
  16  1:38  Extractor, Zergling x2  
  17  1:41  Drone  
  18  1:54  Drone  
  18  1:55  Zergling x2  
  20  2:05  Drone  
  21  2:16  Drone  
  22  2:27  Drone  
  22  2:28  Overlord  
  23  2:34  Drone  
  24  2:41  Drone  
  25  5:25  Zergling x2  
  25  5:28  Overlord  
Tags
 
Add a new tag
Caveats
  • Supply blocks, unpowered buildings, or Contaminate may cause inaccurate times.
  • Supply counts are checked every 10 seconds.